 Dungeon Crawl Stone Soup version 0.28-b1-25-g9875b3fc8c (webtiles) character file.

Game seed: 15031272632601952728

350 crazypyro the Chopper (level 6, 0/48 HPs)
             Began as a Demonspawn Fighter on Jan 31, 2022.
             Was an Elder of Fedhas.
             Slain by a sky beast (3 damage)
             ... on level 5 of the Dungeon.
             The game lasted 00:05:26 (4779 turns).

crazypyro the Chopper (Demonspawn Fighter)          Turns: 4779, Time: 00:05:28

Health: 0/48       AC: 10    Str: 18    XL:     6   Next: 33%
Magic:  6/6        EV:  7    Int: 10    God:    Fedhas [****..]
Gold:   156        SH:  4    Dex: 12    Spells: 5/5 levels left

rFire   . . .      SeeInvis .   a - +0 war axe
rCold   . . .      Faith    .   c - +0 buckler
rNeg    . . .      Spirit   .   i - +0 chain mail
rPois   .          Reflect  .   (no helmet)
rElec   .          Harm     .   (no cloak)
rCorr   +          Rampage  .   (no gloves)
Will    .....                   (no boots)
Stlth   ..........              (no amulet)
HPRegen 0.16/turn               n - ring of resist corrosion
MPRegen 0.10/turn               (no ring)

@: no status effects
A: rugged brown scales 1, demonic guardian 1
a: Renounce Religion, Wall of Briars, Grow Ballistomycete, Overgrow


You were on level 5 of the Dungeon.
You worshipped Fedhas.
Fedhas was greatly pleased with you.
You visited 1 branch of the dungeon, and saw 5 of its levels.

You collected 156 gold pieces.

Inventory:

Hand Weapons
 a - a +0 war axe (weapon)
 m - a +0 war axe
Missiles
 q - a throwing net (quivered)
Armour
 b - a +0 scale mail
 c - a +0 buckler (worn)
 i - a +0 chain mail (worn)
Jewellery
 n - a ring of resist corrosion (left hand)
Wands
 o - a wand of acid (4)
Scrolls
 f - 2 scrolls of identify
 h - a scroll of teleportation
 l - a scroll of fear
 p - 2 scrolls of noise
Potions
 d - a potion of might
 e - 3 potions of curing {unknown}
 g - a potion of attraction
 k - 3 potions of ambrosia {unknown}


   Skills:
 - Level 3.0 Fighting
 * Level 4.9 Axes
 + Level 3.4 Armour
 + Level 1.8 Dodging
 + Level 3.4 Shields


You had 5 spell levels left.
You didn't know any spells.
Your spell library contained the following spells:

 Spells                   Type           Power      Damage    Failure   Level
 Animate Skeleton         Necr           0%         N/A       100%        1
 Apportation              Tloc           0%         N/A       100%        1
 Magic Dart               Conj           0%         1d3       100%        1
 Summon Small Mammal      Summ           0%         N/A       100%        1
 Searing Ray              Conj           0%         2d4       100%        2
 Conjure Flame            Conj/Fire      0%         6-21      100%        3
 Ignite Poison            Fire/Tmut/Pois 0%         N/A       100%        3
 Fulminant Prism          Conj/Hex       0%         3d6       100%        4
 Sticky Flame             Conj/Fire      0%         2d3       100%        4


Dungeon Overview and Level Annotations

Branches:
Dungeon (5/15)
 Temple: D:4-7

Altars:
Fedhas
Kikubaaqudgha
Yredelemnul

Shops:
D:1 (   D:4 [

Annotations:
D:4 2 transporters, Menkaure


Innate Abilities, Weirdness & Mutations

You are partially covered in rugged brown scales. (AC +1, +3% HP)
A weak demonic guardian rushes to your aid.


Message History

The wyvern barely misses you. x2; The sky beast flickers out of sight!
Deactivating autopickup; reactivate with Ctrl-A.
Something hits you. Something shocks you.
Your shadow imp hits the wyvern.
You are too injured to fight recklessly!
You hit the wyvern but do no damage.
The wyvern is moderately wounded.
You closely miss something.
The wyvern bites you but does no damage.
Something hits you but does no damage.
Your shadow imp hits the wyvern.
The wyvern barely misses you.
You slash the wyvern!
The wyvern is severely wounded.
You slash something! The wyvern closely misses you.
Something hits you but does no damage.
Your shadow imp hits the wyvern.
The wyvern bites you!
* * * LOW HITPOINT WARNING * * *
Something hits you but does no damage.
You closely miss the wyvern.
The wyvern is almost dead.
You miss something.
The wyvern bites you but does no damage.
Your shadow imp hits the wyvern.
The wyvern bites you.
* * * LOW HITPOINT WARNING * * *
You block something's attack.
Your shadow imp closely misses the wyvern.
You hit the wyvern but do no damage.
The wyvern is almost dead.
You miss something.
The wyvern bites you but does no damage.
Something hits you but does no damage.
Your shadow imp hits the wyvern but does no damage.
The wyvern bites your shadow imp!
You closely miss the wyvern.
The wyvern is almost dead.
You barely miss something. You block the wyvern's attack.
Something hits you but does no damage.
Your shadow imp hits the wyvern.
The wyvern bites you but does no damage.
Something hits you.
You die...
Fedhas appreciates your contribution to the ecosystem.

#....... #......
...... ### ##....
#... ....# .....
#..#
......#{.######..
#..@.<.....[.
......l.#########
.....5..#
.....##.# .....
..# .#.. ... ...
#### ...


You could see a wyvern (ally target) and a friendly shadow imp (summoned).

Vanquished Creatures
  A scorpion (D:4)
  An orc priest (D:3)
  2 iguanas (D:4)
  A hound skeleton (D:5)
  4 gnolls (D:4)
  4 adders
  2 worms
  4 dart slugs
  6 orcs
  7 ball pythons
  7 endoplasms
  7 giant cockroaches
  10 hobgoblins
  9 jackals
  A quokka (D:4)
  8 bats
  4 frilled lizards
  8 goblins
  9 kobolds
  7 rats
102 creatures vanquished.

Vanquished Creatures (collateral kills)
  A ball python (D:1)
  A kobold (D:1)
2 creatures vanquished.

Vanquished Creatures (others)
  5 plants (D:1)
  7 withered plants (D:1)
12 creatures vanquished.

Grand Total: 116 creatures vanquished

Notes
Turn   | Place    | Note
-------+----------+-------------------------------------------
     0 | D:1      | crazypyro the Demonspawn Fighter began the quest for the
                  | Orb.
     0 | D:1      | Reached XP level 1. HP: 18/18 MP: 1/1
    58 | D:1      | Reached skill level 2 in Axes
    75 | D:1      | Gained mutation: A weak demonic guardian rushes to your
                  | aid. [demonic ancestry]
    75 | D:1      | Reached XP level 2. HP: 24/24 MP: 2/2
    95 | D:1      | Found a faded altar of an unknown god.
   123 | D:1      | Prayed at the altar of an unknown god.
   123 | D:1      | Became a worshipper of Fedhas Madash
   123 | D:1      | Reached * piety under Fedhas
   423 | D:1      | Reached skill level 3 in Axes
   524 | D:1      | Gained mutation: You are partially covered in rugged brown
                  | scales. (AC +1, +3% HP) [demonic ancestry]
   524 | D:1      | Reached XP level 3. HP: 16/29 MP: 3/3
   725 | D:1      | Reached ** piety under Fedhas
   885 | D:1      | Found Ystreg's Antique Weapon Shop.
  1573 | D:2      | Reached XP level 4. HP: 31/36 MP: 4/4
  2223 | D:3      | Reached skill level 4 in Axes
  2227 | D:3      | Reached *** piety under Fedhas
  2670 | D:3      | Reached XP level 5. HP: 36/42 MP: 5/5
  2737 | D:3      | Reached skill level 1 in Dodging
  3421 | D:4      | Found Ogoteoh's Armour Shoppe.
  3425 | D:4      | Found a transporter.
  3428 | D:4      | Found an ancient bone altar of Kikubaaqudgha.
  3430 | D:4      | Noticed Menkaure
  3440 | D:4      | Reached XP level 6. HP: 45/48 MP: 6/6
  3443 | D:4      | Found a basalt altar of Yredelemnul.
  3688 | D:4      | Reached **** piety under Fedhas
  4103 | D:4      | Found a transporter.
  4622 | D:5      | Entered Level 5 of the Dungeon
  4767 | D:5      | Noticed a wyvern
  4770 | D:5      | Noticed a sky beast
  4779 | D:5      | Slain by a sky beast

Illustrated notes

Levels and vault maps discovered:
D:1:      evilmike_arrival_crescent, layout_loops_ring,
          shapermc_ecumenical_altar_flowoftime, serial_shops, shop,
          grunt_decor_clamped, minmay_misc_feat_enclosed, serial_park_tiny_pond
D:2:      layout_basic, kennysheep_generic_room_9
D:3:      layout_basic, minmay_starry_boxes
D:4:      layout_basic, gammafunk_temple_of_torment, serial_shops,
          nicolae_shop_behind_doors, st_stairs_7
D:5:      layout_rooms, chequers_temple_overflow_statue_of_worship,
          minmay_temple_entry_glass, uniq_crazy_yiuf_cottage

Skill      XL: |  1  2  3  4  5 |
---------------+----------------+-----
Axes           | 2 3 4 |  4.9
Armour         | 3 |  3.4
Dodging        | 1 |  1.8
Shields        | 3 |  3.4
Fighting       | |  3.0

Action                   |  1- 3 |  4- 6 || total
-------------------------+-------+-------++-------
Melee: War axe           |   151 |   162 ||   313
  Use: Scroll            |       |     7 ||     7
Armor: Scale mail        |    72 |    28 ||   100
       Chain mail        |       |    90 ||    90
Dodge: Dodged            |    76 |    60 ||   136
Block: Buckler           |    32 |    42 ||    74
